 Dungeon Crawl Stone Soup version 0.29-a0-344-ge2f44be95a (webtiles) character file.

Game seed: 4391654411852501487

2202 Dauddaud the Cleaver (level 9, 0/105 HPs)
             Began as a Minotaur Berserker on Apr 20, 2022.
             Was an Elder of Trog.
             Killed from afar by a hobgoblin (9 damage)
             ... with a puff of flame
             ... on level 6 of the Dungeon on Apr 21, 2022.
             The game lasted 00:11:39 (6198 turns).

Dauddaud the Cleaver (Minotaur Berserker)           Turns: 6198, Time: 00:11:41

Health: 0/105      AC:  8    Str: 25    XL:     9   Next: 12%
Magic:  8/8        EV:  9    Int:  4    God:    Trog [****..]
Gold:   393        SH:  0    Dex: 17    Spells: 8/8 levels left

rFire   . . .      SeeInvis .   w - +0 battleaxe
rCold   . . .      Faith    +   (shield currently unavailable)
rNeg    . . .      Spirit   .   n - +0 chain mail
rPois   .          Reflect  .   (helmet restricted)
rElec   .          Harm     .   (no cloak)
rCorr   .          Rampage  .   (no gloves)
Will    ++...                   (no boots)
Stlth   ..........              v - amulet of faith
HPRegen 1.27/turn               l - +6 ring of dexterity
MPRegen 0.11/turn               (no ring)

@: berserking, strong-willed, regenerating, very quick
A: horns 2, retaliatory headbutt
a: Renounce Religion, Berserk, Trog's Hand, Brothers in Arms


You were on level 6 of the Dungeon.
You worshipped Trog.
Trog was greatly pleased with you.
You visited 1 branch of the dungeon, and saw 6 of its levels.

You collected 393 gold pieces.

Inventory:

Hand Weapons
 a - a +0 hand axe
 d - a +0 war axe
 w - a +0 battleaxe (weapon)
Missiles
 x - 2 throwing nets (quivered)
Armour
 b - a +0 animal skin
 n - a +0 chain mail (worn)
Jewellery
 l - a +6 ring of dexterity (left hand)
 v - an amulet of faith (around neck)
 y - a ring of positive energy
Wands
 q - a wand of flame (17)
 t - a wand of paralysis (4)
Scrolls
 i - 2 scrolls of fog
 o - a scroll of fear
 p - 2 scrolls of amnesia
 r - a scroll of blinking
 u - a scroll of noise {unknown}
Potions
 c - a potion of brilliance {unknown}
 e - a potion of mutation {unknown}
 f - 2 potions of haste {unknown}
 g - a potion of heal wounds {unknown}
 h - a potion of lignification {unknown}
 j - 3 potions of curing
 k - 4 potions of ambrosia {unknown}
 m - a potion of invisibility {unknown}
 s - a potion of resistance {unknown}


   Skills:
 - Level 3.6 Fighting
 * Level 13.0 Axes
 - Level 2.4 Armour
 - Level 2.1 Dodging
 + Level 5.1 Evocations


You had 8 spell levels left.
You didn't know any spells.
Your spell library was empty.

Dungeon Overview and Level Annotations

Branches:
Dungeon (6/15)
 Temple: D:4-7

Altars:
Hepliaklqana


Innate Abilities, Weirdness & Mutations

You have a pair of horns on your head.
You reflexively headbutt those who attack you in melee.


Message History

Trog accepts your kill.
You slash the hobgoblin!
You kill the hobgoblin!
Trog accepts your kill.
Your Evocations skill increases to level 5!
The gnoll hits you from afar with a +0 spear.
The kobold barely misses you. You furiously retaliate!
You headbutt the kobold.
You feel the power of Trog in you as your rage grows.
You kill the kobold!
Trog accepts your kill.
The ogre hits you with a +0 giant spiked club!!
* * * LOW HITPOINT WARNING * * *
The hobgoblin zaps a wand.
The puff of flame hits you.
* * * LOW HITPOINT WARNING * * *
There is a large open door, spattered with blood here.
Things that are here:
a +0 shortbow; a hobgoblin corpse; a centaur corpse You slice the ogre!!
You kill the ogre!
Trog accepts your kill.
You slash the kobold!
You feel the power of Trog in you as your rage grows.
You kill the kobold!
Trog accepts your kill.
You slash the gnoll!
You kill the gnoll!
Trog accepts your kill.
You closely miss the kobold. The gnoll barely misses you.
The kobold hits you but does no damage.
The hobgoblin zaps a wand.
The puff of flame hits you.
* * * LOW HITPOINT WARNING * * *
Your Axes skill increases to level 13!
You slash the gnoll! You headbutt the gnoll.
You kill the gnoll!
Trog accepts your kill.
You hit the kobold. The gnoll barely misses you.
The kobold hits you with a +0 dagger.
* * * LOW HITPOINT WARNING * * *
The hobgoblin zaps a wand.
The puff of flame hits you!
You die...

....#..P♣♣#....#..#
.......♣P♣#....#.)#
.......PPP#....#..#
..).#.....#....'..#
....#.....#....)..#
.......PP♣#....#..#
.####...♣♣#....#.†#
.# #..PP♣#....#).#
.# ...♣#######@K#
.# ..#...gg)))# ##
♣♣#....g...# #
#........# #
#........# #
#..:.....#
#........#
#........#


You could see a gnoll, 2 hobgoblins and a kobold.

Vanquished Creatures
  Eustachio (D:4)
  A sky beast (D:5)
  A black bear (D:6)
  2 ogres (D:6)
  A centaur (D:6)
  A phantom (D:5)
  2 gnoll sergeants (D:6)
  A necrophage (D:5)
  A scorpion (D:4)
  5 wights (D:5)
  A howler monkey (D:5)
  An electric eel (D:6)
  7 orc priests
  A gnoll shaman (D:6)
  11 hounds
  Ijyb (D:4)
  Terence (D:3)
  5 orc wizards
  9 gnolls
  5 adders
  2 shadow imps
  2 ufetubi (D:5)
  2 dart slugs
  26 orcs
  7 ball pythons
  5 endoplasms
  2 giant cockroaches
  3 goblins
  8 hobgoblins
  11 jackals
  3 quokkas
  2 bats
  A frilled lizard (D:1)
  9 kobolds
  5 rats
146 creatures vanquished.

Vanquished Creatures (others)
  3 plants (D:6)
3 creatures vanquished.

Grand Total: 149 creatures vanquished

Notes
Turn   | Place    | Note
-------+----------+-------------------------------------------
     0 | D:1      | Dauddaud the Minotaur Berserker began the quest for the
                  | Orb.
     0 | D:1      | Reached XP level 1. HP: 19/19 MP: 0/0
   225 | D:1      | Reached skill level 4 in Axes
   299 | D:1      | Reached XP level 2. HP: 26/26 MP: 1/1
   568 | D:2      | Reached skill level 5 in Axes
   583 | D:2      | Reached XP level 3. HP: 24/31 MP: 2/2
  1024 | D:2      | Reached skill level 6 in Axes
  1024 | D:2      | Reached XP level 4. HP: 24/39 MP: 3/3
  1317 | D:2      | Reached ** piety under Trog
  1690 | D:3      | Found a hazy altar of Hepliaklqana.
  1996 | D:3      | Reached skill level 7 in Axes
  1996 | D:3      | Reached XP level 5. HP: 45/45 MP: 4/4
  2340 | D:3      | Noticed Terence
  2360 | D:3      | Killed Terence
  2798 | D:4      | Reached skill level 8 in Axes
  2806 | D:4      | Reached XP level 6. HP: 44/51 MP: 5/5
  2927 | D:4      | Noticed Ijyb
  2950 | D:4      | Killed Ijyb
  3325 | D:4      | Reached skill level 9 in Axes
  3681 | D:4      | Reached skill level 1 in Evocations
  3788 | D:4      | Noticed Eustachio
  3830 | D:4      | Killed Eustachio
  3831 | D:4      | Reached XP level 7. HP: 26/57 MP: 6/6
  4186 | D:5      | Entered Level 5 of the Dungeon
  4378 | D:5      | Reached skill level 10 in Axes
  4458 | D:5      | Reached *** piety under Trog
  4560 | D:5      | Reached XP level 8. HP: 33/64 MP: 7/7
  4953 | D:5      | Reached skill level 11 in Axes
  5582 | D:6      | Reached skill level 12 in Axes
  6172 | D:6      | Reached **** piety under Trog
  6190 | D:6      | Reached XP level 9. HP: 55/70 MP: 8/8
  6196 | D:6      | Reached skill level 5 in Evocations
  6198 | D:6      | Reached skill level 13 in Axes
  6198 | D:6      | Killed from afar by a hobgoblin

Illustrated notes

Levels and vault maps discovered:
D:1:      minmay_arrival_hallway, layout_basic, hangedman_decor_opposing,
          feat_on_display
D:2:      layout_basic
D:3:      layout_basic, mainiacjoe_overflow_chevrons,
          kennysheep_cross_bottleneck, uniq_terence
D:4:      layout_gridville, uniq_ijyb, uniq_eustachio
D:5:      layout_gridville, chequers_avenue
D:6:      kennysheep_housing_project, layout_basic, nicolae_overflow_squiral

Skill      XL: |  1  2  3  4  5  6  7  8  9 |
---------------+----------------------------+-----
Axes           | 4 5 6 7 8 9 10 12 13 | 13.0
Evocations     | 1 3 4 5 |  5.1
Fighting       | |  3.6
Armour         | |  2.4
Dodging        | |  2.1

Action                   |  1- 3 |  4- 6 |  7- 9 || total
-------------------------+-------+-------+-------++-------
Melee: Hand axe          |    53 |   117 |       ||   170
       Headbutt          |     5 |    28 |    24 ||    57
       Punch             |     1 |     2 |     1 ||     4
       War axe           |       |    35 |    84 ||   119
       Battleaxe         |       |       |    48 ||    48
Invok: Berserk           |     1 |     2 |     4 ||     7
       Trog's Hand       |       |     2 |     2 ||     4
Evoke: Wand              |       |       |     3 ||     3
  Use: Scroll            |       |     4 |       ||     4
       Potion            |       |     2 |       ||     2
Armor: Animal skin       |    12 |     3 |       ||    15
       Chain mail        |       |    59 |    46 ||   105
Dodge: Dodged            |    28 |    70 |    60 ||   158

Table legend: (Time is in decaauts)
 A = Elapsed time spent in this place.
 B = Non-inter-level travel time spent in this place.
 C = Inter-level travel time spent in this place.
 D = Time resting spent in this place.
 E = Time spent auto-exploring this place.
 F = Levels seen in this place.
 G = Mean time per level.
                   A        B        C        D        E       F      G
               +--------+--------+--------+--------+--------+-----+--------+
         Total |   6263 |   6152 |    111 |   1940 |   3324 |   6 | 1043.8 |
       Dungeon |   6263 |   6152 |    111 |   1940 |   3324 |   6 | 1043.8 |
               +--------+--------+--------+--------+--------+-----+--------+

Top non-repeatable levels by time:
     D:4: 1621 daAuts
     D:2: 1155 daAuts
     D:3: 1146 daAuts
     D:5: 1024 daAuts
     D:6: 802 daAuts
     D:1: 512 daAuts
